 Dungeon Crawl Stone Soup version 0.28-a0-1038-g9c4cb8273d (webtiles) character file.

Game seed: 7008727094722775828

390 kae the Cleaver (level 6, -2/51 HPs)
             Began as a Hill Orc Fighter on Dec 8, 2021.
             Slain by a wyvern (15 damage)
             ... on level 4 of the Dungeon.
             The game lasted 00:02:19 (2788 turns).

kae the Cleaver (Hill Orc Fighter)                  Turns: 2788, Time: 00:02:19

Health: -2/51      AC:  9    Str: 21    XL:     6   Next: 80%
Magic:  6/6        EV:  9    Int:  8    God:
Gold:   83         SH:  4    Dex: 10    Spells: 5/5 levels left

rFire   + . .      SeeInvis +   a - +1 war axe
rCold   . . .      Faith    .   c - +0 buckler
rNeg    . . .      Spirit   .   b - +0 scale mail
rPois   .          Reflect  .   (no helmet)
rElec   .          Harm     .   (no cloak)
rCorr   .          Rampage  +   (no gloves)
Will    .....                   l - +1 pair of boots {rampage}
Stlth   ..........              (no amulet)
HPRegen 0.17/turn               p - ring of see invisible
MPRegen 0.10/turn               g - ring of protection from fire

@: no status effects
A: no striking features
a: no special abilities


You were on level 4 of the Dungeon.
You visited 1 branch of the dungeon, and saw 4 of its levels.

You collected 83 gold pieces.

Inventory:

Hand Weapons
 a - a +1 war axe (weapon)
Missiles
 f - a throwing net (quivered)
Armour
 b - a +0 scale mail (worn)
 c - a +0 buckler (worn)
 l - a +1 pair of boots of rampaging (worn)
Jewellery
 g - a ring of protection from fire (right hand)
 n - a ring of ice
 p - a ring of see invisible (left hand)
Scrolls
 h - a scroll of teleportation
 o - 2 scrolls of identify
Potions
 d - a potion of might
 e - 2 potions of berserk rage
 i - a potion of heal wounds {unknown}
 j - a potion of brilliance
 k - a potion of ambrosia {unknown}
 m - 2 potions of curing {unknown}
 q - a potion of magic {unknown}


   Skills:
 - Level 3.6 Fighting
 + Level 9.3 Axes
 - Level 3.2 Armour
 - Level 3.2 Shields


You had 5 spell levels left.
You didn't know any spells.
Your spell library was empty.

Dungeon Overview and Level Annotations

Branches:
Dungeon (4/15)
 Temple: D:4-7

Altars:
Vehumet
Zin

Shops:
D:1 *   D:3 *

Annotations:
D:4 Eustachio


Message History

You closely miss the quasit. You barely miss the endoplasm.
The wyvern bites you!
The howler monkey hoots and howls with incredible vigour!
The quasit bites you but does no damage.
The quasit claws you but does no damage. x2
You block the shadow imp's attack.
The endoplasm hits you but does no damage.
The wyvern barely misses you.
You are too injured to fight recklessly!
There are monsters nearby!
Okay, then.
The endoplasm freezes you.
You are frozen.
The adder bites you but does no damage.
The quasit bites you but does no damage.
The quasit claws you but does no damage.
The quasit barely misses you.
The shadow imp grins evilly.
The wyvern bites you but does no damage.
The wyvern hisses menacingly.
The adder barely misses you. The wyvern bites you!
The wyvern bites you but does no damage.
The adder barely misses you.
The howler monkey hoots and howls with incredible vigour!
The wyvern bites you.
You see here a +0 hand axe.
The quasit disappears in a puff of smoke!
The wyvern barely misses you.
Okay, then.
The wyvern bites you!
* * * LOW HITPOINT WARNING * * *
Okay, then.
The adder barely misses you. The adder bites you but does no damage.
The howler monkey hoots and howls with incredible vigour!
The ufetubus disappears in a puff of smoke!
The wyvern barely misses you. You block the adder's attack.
The wyvern bites you!
You die...

#.#..## ## ###.#....
#.###### ###........
#..#...######.#........
.....##.#............
#...........#....... #
#........#.###..(...
#...#...S..........##...
#......@l.gS.......#####
#...#.........##.....###
..# ###......g#.....#.##
. #....##§g..##....#
#.....##.##h)......
#......###..#>.....
...####.# ##)g......
#... .. ###...... ##. ..
#.h)....


You could see a wyvern, 3 gnolls, an adder and a ball python.

Vanquished Creatures
  2 scorpions
  A water moccasin skeleton (D:4)
  A howler monkey (D:4)
  Jessica (D:3)
  2 orc wizards
  A gnoll (D:4)
  3 adders
  A dart slug (D:2)
  6 orcs
  6 endoplasms
  6 giant cockroaches
  5 goblins
  5 hobgoblins
  3 jackals (D:4)
  6 kobolds
  3 quokkas
  3 ball pythons
  5 bats
  3 frilled lizards
  6 rats
69 creatures vanquished.

Notes
Turn   | Place    | Note
-------+----------+-------------------------------------------
     0 | D:1      | kae the Hill Orc Fighter began the quest for the Orb.
     0 | D:1      | Reached XP level 1. HP: 19/19 MP: 1/1
    41 | D:1      | Reached skill level 3 in Axes
    95 | D:1      | Reached XP level 2. HP: 26/26 MP: 2/2
   138 | D:1      | Reached skill level 4 in Axes
   481 | D:1      | Found Sugaluim's General Store.
   606 | D:1      | Reached XP level 3. HP: 31/31 MP: 3/3
  1338 | D:2      | Reached skill level 5 in Axes
  1413 | D:2      | Found a radiant altar of Vehumet.
  1722 | D:3      | Reached XP level 4. HP: 39/39 MP: 4/4
  1738 | D:3      | Reached skill level 6 in Axes
  1967 | D:3      | Found a faded altar of an unknown god.
  2006 | D:3      | Found a glowing silver altar of Zin.
  2007 | D:3      | Found Zin's Purification Station.
  2029 | D:3      | Noticed Jessica
  2040 | D:3      | Killed Jessica
  2041 | D:3      | Reached XP level 5. HP: 22/45 MP: 5/5
  2309 | D:3      | Reached skill level 7 in Axes
  2580 | D:4      | Reached skill level 8 in Axes
  2580 | D:4      | Reached XP level 6. HP: 46/51 MP: 6/6
  2754 | D:4      | Reached skill level 9 in Axes
  2763 | D:4      | Noticed Eustachio
  2764 | D:4      | Noticed a wyvern
  2788 | D:4      | Slain by a wyvern

Illustrated notes

Levels and vault maps discovered:
D:1:      eino_arrival_cavern_e, layout_basic, serial_shops,
          nicolae_shop_behind_doors, minmay_pentomino_z2
D:2:      layout_basic, basic_altar
D:3:      layout_loops_ring, zin_purify, basic_ecumenical_altar, uniq_jessica
D:4:      layout_cave_pools, tso_altar, uniq_eustachio

Skill      XL: |  1  2  3  4  5  6 |
---------------+-------------------+-----
Axes           | 3 4 5 6 8 9 |  9.3
Fighting       | |  3.6
Armour         | |  3.2
Shields        | |  3.2

Action                   |  1- 3 |  4- 6 || total
-------------------------+-------+-------++-------
Melee: War axe           |    86 |    93 ||   179
  Use: Scroll            |     6 |     1 ||     7
Armor: Scale mail        |    30 |    45 ||    75
Dodge: Dodged            |    37 |    53 ||    90
Block: Buckler           |    15 |    17 ||    32

Table legend: (Time is in decaauts)
 A = Elapsed time spent in this place.
 B = Non-inter-level travel time spent in this place.
 C = Inter-level travel time spent in this place.
 D = Time resting spent in this place.
 E = Time spent auto-exploring this place.
 F = Levels seen in this place.
 G = Mean time per level.
                   A        B        C        D        E       F      G
               +--------+--------+--------+--------+--------+-----+--------+
         Total |   2825 |   2749 |     76 |      3 |   2288 |   4 |  706.2 |
       Dungeon |   2825 |   2749 |     76 |      3 |   2288 |   4 |  706.2 |
               +--------+--------+--------+--------+--------+-----+--------+

Top non-repeatable levels by time:
     D:2: 905 daAuts
     D:3: 903 daAuts
     D:1: 796 daAuts
     D:4: 219 daAuts
